% Time on Ice - EDMONTON ICE
Lines # - Real PCT - Wanted PCT - Time Play
Normal Forward
1 - 33% - 37% - 16:45
2 - 32% - 35% - 15:50
3 - 22% - 22% - 11:12
4 - 13% - 6% - 6:18
Normal Defense
1 - 33% - 36% - 16:36
2 - 30% - 34% - 15:12
3 - 32% - 23% - 16:13
4 - 4% - 7% - 2:04
PP Forward
1 - 64% - 60% - 3:48
2 - 36% - 40% - 2:09
PP Defense
1 - 64% - 55% - 3:49
2 - 36% - 45% - 2:08
PK Forward
1 - 72% - 55% - 2:52
2 - 28% - 45% - 1:06
PK Defense
1 - 54% - 55% - 2:09
2 - 46% - 45% - 1:49
PK3 Forward
1 - 0% - 55%
2 - 0% - 45%
PK3 Defense
1 - 0% - 55%
2 - 0% - 45%
44 Forward
1 - 0% - 55%
2 - 0% - 45%
44 Defense
1 - 0% - 55%
2 - 0% - 45%
Last Minute Offensive  - 0:00
Last Minute Defensive  - 0:00
Total
Forward - 60:00
Defense - 60:00
% Time on Ice - COLORADO GLACIERCATS
Lines # - Real PCT - Wanted PCT - Time Play
Normal Forward
1 - 32% - 35% - 15:48
2 - 30% - 35% - 14:49
3 - 25% - 25% - 12:20
4 - 14% - 5% - 7:08
Normal Defense
1 - 35% - 35% - 17:36
2 - 33% - 32% - 16:21
3 - 28% - 23% - 13:59
4 - 4% - 10% - 2:09
PP Forward
1 - 61% - 60% - 2:25
2 - 39% - 40% - 1:33
PP Defense
1 - 61% - 55% - 2:25
2 - 39% - 45% - 1:33
PK Forward
1 - 56% - 50% - 3:20
2 - 44% - 50% - 2:37
PK Defense
1 - 53% - 55% - 3:08
2 - 47% - 45% - 2:49
PK3 Forward
1 - 0% - 55%
2 - 0% - 45%
PK3 Defense
1 - 0% - 50%
2 - 0% - 50%
44 Forward
1 - 0% - 50%
2 - 0% - 50%
44 Defense
1 - 0% - 50%
2 - 0% - 50%
Last Minute Offensive  - 0:00
Last Minute Defensive  - 0:00
Total
Forward - 60:00
Defense - 60:00
Play-by-Play 1st period 0:01 of 1st period - Ryan O'Reilly wins face-off versus Patrice Bergeron in neutral zone. 0:09 of 1st period - Ryan O'Reilly is hit by John Klingberg and loses puck. 0:20 of 1st period - Shot by Anthony Mantha. 0:20 of 1st period - Shot Misses the Net. 0:22 of 1st period - Shot by Jeff Petry. 0:22 of 1st period - Shot Blocked by John Klingberg. 0:24 of 1st period - Shot by Kasperi Kapanen. 0:24 of 1st period - Deflect By Ryan O'Reilly. 0:24 of 1st period - Goal by Ryan O'Reilly - EDMONTON ICE : 1 - COLORADO GLACIERCATS : 0. 0:25 of 1st period - Lucas Wallmark wins face-off versus Valtteri Filppula in neutral zone. 0:30 of 1st period - Shot by Joe Pavelski. 0:30 of 1st period - Stopped by Jake Allen with a rebound. 0:36 of 1st period - Shot by Joe Pavelski. 0:36 of 1st period - Stopped by Jake Allen with a rebound. 0:38 of 1st period - Shot by Shea Weber. 0:38 of 1st period - Shot Misses the Net. 0:40 of 1st period - Shot by Lucas Wallmark. 0:40 of 1st period - Shot Misses the Net. 0:42 of 1st period - Shot by Shea Weber. 0:42 of 1st period - Deflect By Joe Pavelski. 0:42 of 1st period - Shot Misses the Net. 0:44 of 1st period - Shot by Lucas Wallmark. 0:44 of 1st period - Stopped by Jake Allen without a rebound. 0:45 of 1st period - Eric Fehr wins face-off versus Jay Beagle in EDMONTON ICE zone. 0:45 of 1st period - Eric Fehr is hit by Zach Aston-Reese. 1:07 of 1st period - Shot by Paul Byron. 1:07 of 1st period - Stopped by Jake Allen without a rebound. 1:08 of 1st period - Lucas Wallmark wins face-off versus Oscar Lindberg in EDMONTON ICE zone. 1:31 of 1st period - Shot by Artemi Panarin. 1:31 of 1st period - Shot Misses the Net. 1:33 of 1st period - Shot by Ryan Ellis. 1:33 of 1st period - Stopped by Jake Allen without a rebound. 1:34 of 1st period - Valtteri Filppula wins face-off versus Patrice Bergeron in EDMONTON ICE zone. 1:34 of 1st period - Valtteri Filppula is hit by Brayden Schenn. 1:54 of 1st period - Shot by Jaden Schwartz. 1:54 of 1st period - Stopped by Pekka Rinne with a rebound. 2:17 of 1st period - Valtteri Filppula is hit by Ilya Lyubushkin and loses puck. 3:05 of 1st period - Shot by Ryan O'Reilly. 3:05 of 1st period - Shot Misses the Net. 3:42 of 1st period - Mark Giordano is hit by Anthony Mantha and loses puck. 4:01 of 1st period - Shot by Artemi Panarin. 4:01 of 1st period - Stopped by Jake Allen with a rebound. 4:03 of 1st period - Shot by Artemi Panarin. 4:03 of 1st period - Stopped by Jake Allen without a rebound. 4:04 of 1st period - Eric Fehr wins face-off versus Devin Shore in EDMONTON ICE zone. 5:06 of 1st period - Shot by Joe Pavelski. 5:06 of 1st period - Stopped by Jake Allen without a rebound. 5:07 of 1st period - Valtteri Filppula wins face-off versus Patrice Bergeron in EDMONTON ICE zone. 5:14 of 1st period - Brayden Schenn is hit by Patric Hornqvist and loses puck. 5:33 of 1st period - Shot by Patrice Bergeron. 5:33 of 1st period - Deflect By Brayden Schenn. 5:33 of 1st period - Shot Misses the Net. 5:35 of 1st period - Shot by Carl Hagelin. 5:35 of 1st period - Stopped by Jake Allen with a rebound. 5:48 of 1st period - Icing by Patric Hornqvist. 5:49 of 1st period - Lucas Wallmark wins face-off versus Valtteri Filppula in EDMONTON ICE zone. 5:58 of 1st period - Shot by Artemi Panarin. 5:58 of 1st period - Shot Misses the Net. 6:23 of 1st period - Icing by Markus Nutivaara. 6:24 of 1st period - Valtteri Filppula wins face-off versus Jay Beagle in EDMONTON ICE zone. 7:26 of 1st period - Casey Nelson is hit by Patrice Bergeron and loses puck. 8:26 of 1st period - Shot by Ryan O'Reilly. 8:26 of 1st period - Shot Misses the Net. 8:32 of 1st period - Shot by Kasperi Kapanen. 8:32 of 1st period - Goal by Kasperi Kapanen - EDMONTON ICE : 2 - COLORADO GLACIERCATS : 0. 8:33 of 1st period - Eric Fehr wins face-off versus Devin Shore in neutral zone. 8:36 of 1st period - Shot by Conor Sheary. 8:36 of 1st period - Shot Hit the Post. 9:00 of 1st period - Shot by Conor Sheary. 9:00 of 1st period - Stopped by Pekka Rinne without a rebound. 9:01 of 1st period - Ryan O'Reilly wins face-off versus Joe Pavelski in COLORADO GLACIERCATS zone. 9:17 of 1st period - Shot by Kasperi Kapanen. 9:17 of 1st period - Stopped by Pekka Rinne with a rebound. 9:19 of 1st period - Shot by Colton Parayko. 9:19 of 1st period - Stopped by Pekka Rinne without a rebound. 9:20 of 1st period - Jay Beagle wins face-off versus Oscar Lindberg in COLORADO GLACIERCATS zone. 9:30 of 1st period - Off-side. 9:31 of 1st period - Lucas Wallmark wins face-off versus Anthony Mantha in neutral zone. 10:25 of 1st period - Icing by Mark Giordano. 10:26 of 1st period - Lucas Wallmark wins face-off versus Eric Fehr in COLORADO GLACIERCATS zone. 11:22 of 1st period - Ilya Lyubushkin is hit by Oscar Lindberg and loses puck. 11:48 of 1st period - Icing by Patrice Bergeron. 11:49 of 1st period - Patrice Bergeron wins face-off versus Ryan O'Reilly in COLORADO GLACIERCATS zone. 12:06 of 1st period - Shot by Zach Aston-Reese. 12:06 of 1st period - Stopped by Jake Allen without a rebound. 12:07 of 1st period - Eric Fehr wins face-off versus Devin Shore in EDMONTON ICE zone. 12:18 of 1st period - Shot by Conor Sheary. 12:18 of 1st period - Shot Blocked by Devin Shore. 12:38 of 1st period - Shot by Conor Sheary. 12:38 of 1st period - Stopped by Pekka Rinne with a rebound. 13:01 of 1st period - Icing by Colton Parayko. 13:02 of 1st period - Jay Beagle wins face-off versus Ondrej Kase in EDMONTON ICE zone. 13:02 of 1st period - Mark Giordano is hit by Colton Parayko and loses puck. 13:03 of 1st period - Minor Penalty to Oscar Klefbom for Cross-checking. 13:04 of 1st period - Patrice Bergeron wins face-off versus Kasperi Kapanen in EDMONTON ICE zone. 13:09 of 1st period - Shot by Mark Giordano. 13:09 of 1st period - Shot Misses the Net. 13:11 of 1st period - Shot by Patrice Bergeron. 13:11 of 1st period - Stopped by Jake Allen with a rebound. 13:13 of 1st period - Shot by Artemi Panarin. 13:13 of 1st period - Shot Misses the Net. 14:33 of 1st period - Shot by Joe Pavelski. 14:33 of 1st period - Stopped by Jake Allen with a rebound. 14:35 of 1st period - Shot by John Klingberg. 14:35 of 1st period - Shot Blocked by Colton Parayko. 14:37 of 1st period - Shot by John Klingberg. 14:37 of 1st period - Stopped by Jake Allen without